 Dungeon Crawl Stone Soup version 0.28.0-45-g0d030f2227 (webtiles) character file.

Game seed: 561650262268392966

922 sking99 the Insei (level 8, 0/52 HPs)
             Began as an Octopode Transmuter on May 20, 2022.
             Was a Follower of Sif Muna.
             Slain by a phantom (8 damage)
             ... on level 5 of the Dungeon.
             The game lasted 00:08:42 (6013 turns).

sking99 the Insei (Octopode Transmuter)             Turns: 6013, Time: 00:08:43

Health: 0/52       AC:  2    Str:  9    XL:     8   Next: 10%
Magic:  7/12       EV: 20    Int: 24    God:    Sif Muna [*.....]
Gold:   127        SH:  0    Dex: 17    Spells: 5/13 levels left

rFire   + . .      SeeInvis .     - Unarmed
rCold   . . .      Faith    .   (shield currently unavailable)
rNeg    . . .      Spirit   .   (helmet currently unavailable)
rPois   x          Reflect  .   (no amulet)
rElec   .          Harm     .   k - ring of protection from fire
rCorr   .          Rampage  .   m - +6 ring of intelligence
Will    .....                   (no ring)
Stlth   ++........              (no ring)
HPRegen 0.17/turn               (no ring)
MPRegen 0.13/turn               (no ring)
                                (no ring)
                                (no ring)

@: spider-form, very slightly contaminated
A: venomous fangs, almost no armour, (amphibious), 8 rings, tiny, (camouflage
1), (gelatinous body 1), (nimble swimmer 1), (tentacles)
a: End Transformation, Renounce Religion, Channel Magic


You were on level 5 of the Dungeon.
You worshipped Sif Muna.
Sif Muna was aware of your devotion.
You were a venomous arachnid creature.
You visited 2 branches of the dungeon, and saw 6 of its levels.

You collected 127 gold pieces.

Inventory:

Armour
 b - the +1 hat of Death's Door (melded) {Int+3}
   (You acquired it on level 4 of the Dungeon)

   Int:       It affects your intelligence (+3).
Jewellery
 k - a ring of protection from fire (left front leg)
 m - a +6 ring of intelligence (right front leg)
Wands
 i - a wand of digging (11)
Scrolls
 a - a scroll of enchant armour
 e - 6 scrolls of teleportation
Potions
 c - 2 potions of curing
 d - a potion of mutation {unknown}
 f - 2 potions of brilliance
 g - a potion of invisibility
 h - 3 potions of heal wounds
 j - 2 potions of haste
 l - a potion of lignification {unknown}


   Skills:
 + Level 3.0 Fighting
 + Level 3.5 Dodging
 * Level 5.3 Unarmed Combat
 - Level 3.0 Spellcasting
 - Level 3.0 Translocations
 - Level 4.0 Transmutations
 - Level 4.0 Poison Magic


You had 5 spell levels left.
You knew the following spells:

 Your Spells              Type           Power      Damage    Failure   Level
a - Beastly Appendage     Tmut           44%        N/A       8%          1
b - Wereblood             Tmut           22%        N/A       11%         2
c - Spider Form           Tmut/Pois      22%        N/A       17%         3
d - Blink                 Tloc           36%        N/A       14%         2

Your spell library contained the following spells:

 Spells                   Type           Power      Damage    Failure   Level
 Gell's Gravitas          Tloc           18%        N/A       24%         3
 Teleport Other           Tloc           18%        N/A       24%         3
 Summon Small Mammal      Summ           12%        N/A       26%         1
 Call Canine Familiar     Summ           3%         N/A       54%         3
 Confusing Touch          Hex            3%         N/A       54%         3
 Summon Guardian Golem    Hex/Summ       3%         N/A       54%         3
 Ice Form                 Ice/Tmut       13%        N/A       65%         4
 Manifold Assault         Tloc           18%        N/A       83%         5
 Yara's Violent Unravell  Hex/Tmut       6%         3d5       91%         5
 Dispersal                Tloc           9%         N/A       100%        6
 Enfeeble                 Hex            1%         N/A       100%        7
 Storm Form               Tmut/Air       6%         N/A       100%        7


Dungeon Overview and Level Annotations

Branches:
Dungeon (5/15)             Temple (1/1) D:5

Altars:
Cheibriados
Dithmenos
Elyvilon
Fedhas
Gozag
Nemelex Xobeh
Okawaru
Ru
Sif Muna
Trog
Xom
Yredelemnul
Zin
The Shining One

Shops:
D:3 *

Annotations:
D:3 2 transporters, Manslay's ghost, amateur OpCj


Innate Abilities, Weirdness & Mutations

You are a venomous arachnid creature.
You have poisonous fangs.
You are tiny and dextrous.
Your spellcasting is less reliable in this form.
Your armour is entirely melded.
You are incapable of wielding weapons or throwing items.
You cannot wear most types of armour.
((You are amphibious.))
You can wear up to eight rings at the same time.
((Your skin changes colour to match your surroundings (Stealth+).))
((Your rubbery body absorbs attacks. (AC +1, EV +1)))
((You are camouflaged when in or above water. (Stealth+)))
((You have tentacles for arms and can constrict up to eight enemies at once.))


Message History

You kill the water moccasin!
Sif Muna accepts your kill.
You feel sick. The phantom hits you!
* * * LOW HITPOINT WARNING * * *
Your Fighting skill increases to level 3!
You have reached level 8!
You feel better. The phantom misses you.
You hit the phantom.
The phantom is lightly damaged.
Your transformation has ended.
The +1 hat of Death's Door {Int+3} unmelds from your body.
The phantom barely misses you.
Casting: Spider Form (dangerous; 4% risk of failure)
Confirm with . or Enter, or press ? or * to list all spells.
You miscast Spider Form.
You are very lightly contaminated with residual magic.
Nothing appears to happen.
The phantom barely misses you.
Unknown command.
Casting: Spider Form (dangerous; 4% risk of failure)
Confirm with . or Enter, or press ? or * to list all spells.
You turn into a venomous arachnid creature.
The +1 hat of Death's Door {Int+3} melds into your body.
The phantom closely misses you.
You barely miss the phantom. The phantom completely misses you.
You barely miss the phantom. The phantom completely misses you.
You hit the phantom but do no damage. The phantom misses you.
You barely miss the phantom. The phantom closely misses you.
You hit the phantom.
The phantom is lightly damaged.
You barely miss the phantom.
The phantom is lightly damaged.
The phantom completely misses you.
You hit the phantom but do no damage.
The phantom is lightly damaged.
The phantom hits you.
* * * LOW HITPOINT WARNING * * *
You barely miss the phantom.
The phantom is lightly damaged.
The phantom hits you!
You die...

......#............#
#.....##.......#.... .
.(....###......#.... ..
..###............... ...
. #.##..........## ...
≈≈§≈ ###.#...........##
.. .≈
...≈.##.....#.....#...#.
. #.≈§
≈≈.≈......###....##.....
#..≈.§ .≈.≈...s###
...####..... #..(§.§.
.≈.≈..W†# ...# #.###.
....≈§§§..≈.≈..... ..#
#.. #.
....§.≈≈≈≈≈.≈.....# .##
#...##.
....§§......≈.....#
#......
....≈≈≈≈≈§≈≈≈......
##.....
...................
#.....
........>.........##
....... .............
........


You could see a phantom.

Vanquished Creatures
  Sigmund (D:2)
  A water moccasin (D:5)
  An orc warrior (D:5)
  A black bear (D:4)
  3 scorpions
  A jelly (D:4)
  4 orc wizards
  A hound zombie (D:5)
  5 gnolls
  4 adders
  An ufetubus (D:4)
  An adder skeleton (D:4)
  3 worms
  3 dart slugs
  4 orcs
  5 bats
  3 endoplasms
  A giant cockroach (D:2)
  8 goblins
  2 hobgoblins
  4 jackals (D:1)
  A quokka (D:1)
  3 ball pythons
  3 frilled lizards
  3 kobolds
  6 rats
73 creatures vanquished.

Notes
Turn   | Place    | Note
-------+----------+-------------------------------------------
     0 | D:1      | sking99 the Octopode Transmuter began the quest for the
                  | Orb.
     0 | D:1      | Reached XP level 1. HP: 13/13 MP: 3/3
   404 | D:1      | Reached XP level 2. HP: 8/18 MP: 3/5
   853 | D:1      | Reached XP level 3. HP: 3/23 MP: 4/6
  1825 | D:2      | Learned a level 2 spell: Wereblood
  1829 | D:2      | Learned a level 3 spell: Spider Form
  1856 | D:2      | Noticed Sigmund
  1865 | D:2      | Killed Sigmund
  1866 | D:2      | Reached XP level 4. HP: 6/29 MP: 5/7
  1866 | D:2      | Reached XP level 5. HP: 7/34 MP: 5/8
  2153 | D:2      | Found a faded altar of an unknown god.
  2259 | D:2      | Found a shimmering blue altar of Sif Muna.
  2320 | D:2      | Became a worshipper of Sif Muna the Loreminder
  2816 | D:3      | Found Zin's Purification Station.
  2818 | D:3      | Found a glowing silver altar of Zin.
  2903 | D:3      | Found a bloodstained altar of Trog.
  2920 | D:3      | Reached XP level 6. HP: 38/39 MP: 9/9
  3003 | D:3      | Found a transporter.
  3003 | D:3      | Noticed Manslay's ghost (amateur OpCj)
  3042 | D:3      | Found a transporter.
  3641 | D:4      | Identified a scroll of acquirement
  3641 | D:4      | Acquired the +1 hat of Death's Door {Int+3}
  3674 | D:4      | Learned a level 2 spell: Blink
  3905 | D:4      | Reached skill level 1 in Translocations
  4463 | D:4      | Reached * piety under Sif Muna
  4528 | D:4      | Reached XP level 7. HP: 35/44 MP: 6/11
  4740 | D:4      | Reached skill level 4 in Unarmed Combat
  5039 | D:5      | Entered Level 5 of the Dungeon
  5600 | D:5      | Found a staircase to the Ecumenical Temple.
  5634 | Temple   | Entered the Ecumenical Temple
  5965 | D:5      | Reached skill level 5 in Unarmed Combat
  6002 | D:5      | Reached XP level 8. HP: 4/52 MP: 12/12
  6013 | D:5      | Slain by a phantom

Illustrated notes

Levels and vault maps discovered:
D:1:      dpeg_arrival_long_road, layout_loops_ring, grunt_decor_resistance
D:2:      layout_basic, basic_altar,
          dreamdust_ecumenical_altar_angels_and_demons, minmay_tetromino_o2,
          uniq_sigmund
D:3:      layout_basic, bloody_trog, zin_purify, gammafunk_ghost_stat_death,
          kennysheep_generic_room_6
D:4:      layout_rooms, hangedman_decor_opposing
D:5:      layout_cave_pools, mainiacjoe_overflow_concentric_impassable,
          minmay_temple_entry_junction, nicolae_inconvenience_store
Temple:   minmay_temple_curvy_loop

Skill      XL: |  1  2  3  4  5  6  7 |
---------------+----------------------+-----
Transmutations | 3 4 |  4.0
Poison Magic   | 3 4 |  4.0
Translocations | 2 3 |  3.0
Spellcasting   | 3 |  3.0
Fighting       | 3 |  3.0
Unarmed Combat | 5 |  5.3
Dodging        | 3 |  3.5

Action                   |  1- 3 |  4- 6 |  7- 9 || total
-------------------------+-------+-------+-------++-------
Melee: Unarmed           |    47 |    82 |    76 ||   205
       Constrict         |    14 |    12 |       ||    26
       Kick              |     9 |    13 |       ||    22
       Tentacles         |     6 |     7 |       ||    13
       Punch             |     2 |     1 |       ||     3
 Cast: Beastly Appendage |    12 |    16 |       ||    28
       Spider Form       |       |     7 |    13 ||    20
  Use: Scroll            |       |     6 |     4 ||    10
       Potion            |       |       |     1 ||     1
 Stab: Sleeping          |     4 |     6 |       ||    10
Armor: Skin              |     5 |     3 |     3 ||    11
Dodge: Dodged            |    31 |    44 |    62 ||   137
